 Dungeon Crawl Stone Soup version 0.20.2-3-g29329e0561 (webtiles) character file.

274 Alfie the Shooter (level 6, -5/46 HPs)
             Began as a Minotaur Hunter on June 12, 2020.
             Slain by Alfie's ghost (8 damage)
             ... on level 3 of the Dungeon.
             The game lasted 00:07:12 (1889 turns).

Alfie the Shooter (Minotaur Hunter)                 Turns: 1889, Time: 00:07:12

Health: -5/46      AC:  8    Str: 18    XL:     6   Next: 3%
Magic:  5/5        EV:  7    Int: 10    God:
Gold:   52         SH:  0    Dex: 11    Spells: 5/5 levels left

rFire    + + .     SeeInvis .   b - +1 short sword
rCold    + . .     Gourm    .   (no shield)
rNeg     . . .     Faith    .   m - +0 chain mail
rPois    +         Spirit   .   (helmet restricted)
rElec    +         Reflect  .   (no cloak)
rCorr    +         Harm     .   (no gloves)
MR       .....                  (no boots)
Stlth    ..........             (no amulet)
Regen    0.2/turn               (no ring)
MPRegen  0.1/turn               (no ring)

@: resistant, hasted, very quick
A: retaliatory headbutt, horns 2, clever 1, fire resistance 1, frail 1
a: no special abilities


You were on level 3 of the Dungeon.
You were not hungry.

You visited 1 branch of the dungeon, and saw 3 of its levels.

You collected 52 gold pieces.

Inventory:

Hand Weapons
 a - a +1 shortbow
 b - a +1 short sword (weapon)
Missiles
 d - 18 arrows
Armour
 m - a +0 chain mail (worn)
Scrolls
 c - a scroll of fog {unknown}
 e - a scroll of identify
 h - a scroll of magic mapping
 o - a scroll of recharging {unknown}
 p - 2 scrolls of enchant armour {unknown}
Comestibles
 f - a bread ration
 g - 3 royal jellies


   Skills:
 + Level 3.9 Fighting
 + Level 7.2 Bows
 + Level 1.6 Armour
 + Level 2.1 Dodging
 + Level 0.8 Stealth


You had 5 spell levels left.
You didn't know any spells.

Dungeon Overview and Level Annotations

Branches:
Dungeon (3/15)

Altars:
Fedhas
Nemelex Xobeh
Qazlal
Uskayaw
Xom

Annotations:
D:3 Alfie's ghost, amateur MiHu


Innate Abilities, Weirdness & Mutations

You reflexively headbutt those who attack you in melee.
You have a pair of horns on your head.
Your mind is acute. (Int +2)
Your flesh is heat resistant. (rF+)
You are frail. (-10% HP)


Message History

Alfie's ghost is almost destroyed.
Alfie's ghost hits you.
* * * LOW HITPOINT WARNING * * *
You hit Alfie's ghost but do no damage.
Alfie's ghost is almost destroyed.
Alfie's ghost completely misses you.
You hit Alfie's ghost.
Alfie's ghost is almost destroyed.
Alfie's ghost hits you.
* * * LOW HITPOINT WARNING * * *
You closely miss Alfie's ghost.
Alfie's ghost is almost destroyed.
You miss Alfie's ghost. You headbutt Alfie's ghost!
Alfie's ghost is almost destroyed.
Alfie's ghost hits you.
* * * LOW HITPOINT WARNING * * *
You hit Alfie's ghost.
Alfie's ghost is almost destroyed.
Alfie's ghost hits you!
You die...

.########...#
#..(.........###
###.!(.......(...###
....(......(.......
..........(# #
...........###.#
#(........#...#
#.W.........#.##
#.@............#
#........##.....#
#...#####
#.....)...#.#....
#.........
##....###.#.#..##..
##..........#
#........#.#......
#...........#
##.......#.#......
#...........#
#..........#.#..#
#...........#
#..........#.#..##
#...........#
#................#


You could see Alfie's ghost.

Vanquished Creatures
  A crimson imp (D:3)
  A bullfrog skeleton (D:3)
  Natasha (twice) (D:2)
  4 gnolls (D:3)
  5 adders
  2 oozes
  5 worms
  5 leopard geckos
  5 giant cockroaches
  4 goblins
  5 hobgoblins
  3 quokkas
  7 bats
  A frilled lizard (D:2)
  6 kobolds
  3 rats
59 creatures vanquished.

Notes
Turn   | Place    | Note
-------+----------+-------------------------------------------
     0 | D:1      | Alfie the Minotaur Hunter began the quest for the Orb.
     0 | D:1      | Reached XP level 1. HP: 18/18 MP: 0/0
   134 | D:1      | Reached XP level 2. HP: 14/25 MP: 1/1
   370 | D:1      | Reached skill level 5 in Bows
   820 | D:2      | Reached XP level 3. HP: 30/30 MP: 2/2
  1049 | D:2      | Reached skill level 1 in Armour
  1059 | D:2      | Reached XP level 4. HP: 37/37 MP: 3/3
  1173 | D:2      | Reached skill level 6 in Bows
  1278 | D:2      | Found a stormy altar of Qazlal.
  1280 | D:2      | Found a shimmering altar of Xom.
  1280 | D:2      | Found a blossoming altar of Fedhas.
  1283 | D:2      | Found a shimmering altar of Xom.
  1283 | D:2      | Found a hide-covered altar of Uskayaw.
  1283 | D:2      | Found a sparkling altar of Nemelex Xobeh.
  1317 | D:2      | Noticed Natasha
  1321 | D:2      | Killed Natasha
  1364 | D:2      | Noticed Natasha
  1367 | D:2      | Killed Natasha
  1367 | D:2      | Reached XP level 5. HP: 43/45 MP: 4/4
  1562 | D:3      | Reached skill level 7 in Bows
  1592 | D:3      | Reached XP level 6. HP: 52/52 MP: 5/5
  1631 | D:3      | Noticed Alfie's ghost (amateur MiHu)
  1646 | D:3      | Gained mutation: You are frail. (-10% HP) [potion of mutation]
  1646 | D:3      | Gained mutation: Your mind is acute. (Int +2) [potion of mutation]
  1646 | D:3      | Gained mutation: Your flesh is heat resistant. (rF+) [potion of mutation]
  1888 | D:3      | HP: 2/46 [Alfie's ghost (1)]
  1889 | D:3      | Slain by Alfie's ghost

Skill      XL: |  1  2  3  4  5 |
---------------+----------------+-----
Bows           | 5 6 7 |  7.2
Armour         | 1 |  1.6
Fighting       | 3 |  3.9
Dodging        | |  2.1
Stealth        | |  0.8

Action                   |  1- 3 |  4- 6 || total
-------------------------+-------+-------++-------
Melee: Short sword       |       |    25 ||    25
       Headbutt          |       |     5 ||     5
 Fire: Shortbow          |    71 |   118 ||   189
  Use: Scroll            |     4 |     1 ||     5
       Potion            |       |     5 ||     5
  Eat: Bread ration      |       |     1 ||     1
Armor: Leather armour    |     5 |       ||     5
       Chain mail        |     4 |    50 ||    54
Dodge: Dodged            |    10 |    26 ||    36
